3A
BELLEVILLE BULLS @ GRAND FORKS CATERPILLARS
08/19/2033
 
TOP OF THE 1ST
Belleville Bulls batting - Pitching for Grand Forks Caterpillars : RHP Albert Karlier
Pitching: RHP Albert Karlier
Batting: SHB Júlio Moreno 0-0: Ball
1-0: Foul Ball, location: 2F
1-1: Ground out U3 (Groundball, 34)
Batting: RHB Kazunari Mizuno 0-0: Called Strike
0-1: SINGLE (Groundball, 4MD)
Batting: RHB Rey McSriff 0-0: Ball
1-0: Ball
2-0: SINGLE (Line Drive, 56D)
Kazunari Mizuno to second
Batting: RHB Silvian Burger 0-0: Ball
1-0: SINGLE (Flyball, 8LM)
Kazunari Mizuno to third
Rey McSriff to second
Batting: RHB Zack McLean 0-0: Ball
1-0: Ball
2-0: Ball
3-0: Called Strike
3-1: Base on Balls
Kazunari Mizuno scores
Rey McSriff to third
Silvian Burger to second
Batting: RHB Holden Ford 0-0: Ball
1-0: Called Strike
1-1: Ball
2-1: Foul Ball, location: 2F
2-2: Grounds into double play, 5-4-3 (Groundball, 56)
Top of the 1st over - 1 run, 3 hits, 0 errors, 2 left on base; Belleville 1 - Grand Forks 0
BOTTOM OF THE 1ST
Grand Forks Caterpillars batting - Pitching for Belleville Bulls : RHP Gavin Burdikin
Pitching: RHP Gavin Burdikin
Batting: SHB Goro Yokoyama 0-0: SOLO HOME RUN (Line Drive, 9D), Distance : 403 ft
Batting: RHB Luis Álvarez 0-0: Called Strike
0-1: Ground out 6-3 (Groundball, 6)
Batting: LHB Félix Castellanos 0-0: Ball
1-0: Called Strike
1-1: Ball
2-1: Fly out, F9 (Flyball, 89D)
Batting: LHB Jeremy Malzahn 0-0: Swinging Strike
0-1: Ball
1-1: Fly out, F9 (Flyball, 9)
Bottom of the 1st over - 1 run, 1 hit, 0 errors, 0 left on base; Belleville 1 - Grand Forks 1
TOP OF THE 2ND
Belleville Bulls batting - Pitching for Grand Forks Caterpillars : RHP Albert Karlier
Batting: LHB Don McGhee 0-0: Ground out 5-3 (Groundball, 56)
Batting: LHB Juan Rodríguez 0-0: Ground out U3 (Groundball, 3L)
Batting: RHB Manuel Vroonland 0-0: DOUBLE (Line Drive, 7D)
Batting: SHB Júlio Moreno 0-0: Ball
1-0: Ball
2-0: Swinging Strike
2-1: SINGLE (Line Drive, 6D)
Manuel Vroonland to third
Runner from 3rd tries for Home, SAFE, no throw
Batting: RHB Kazunari Mizuno 0-0: Called Strike
Júlio Moreno steals 2nd base
0-1: Swinging Strike
0-2: Strikes out swinging
Top of the 2nd over - 1 run, 2 hits, 0 errors, 1 left on base; Belleville 2 - Grand Forks 1
BOTTOM OF THE 2ND
Grand Forks Caterpillars batting - Pitching for Belleville Bulls : RHP Gavin Burdikin
Batting: RHB Rodney Clancy 0-0: Foul Ball, location: 2F
0-1: Called Strike
0-2: Ball
1-2: Ground out 6-3 (Groundball, 6)
Batting: RHB Patrick Pupovac 0-0: Ball
1-0: Foul Ball, location: 2F
1-1: Ball
2-1: Swinging Strike
2-2: SINGLE (Line Drive, 5D)
Batting: RHB Desi Fleming 0-0: Ball
1-0: Swinging Strike
1-1: Foul Ball, location: 2F
1-2: Ball
2-2: Reached on error, E6 (Groundball, 6)
Patrick Pupovac to second
Batting: RHB Alohanani Koora 0-0: Called Strike
0-1: Ball
1-1: Ball
2-1: Ball
3-1: Swinging Strike
3-2: Base on Balls
Patrick Pupovac to third
Desi Fleming to second
Batting: RHB Noel Peterson 0-0: Called Strike
0-1: Swinging Strike
0-2: Strikes out swinging
Batting: SHB Goro Yokoyama 0-0: Ball
1-0: Foul Ball, location: 2F
1-1: Foul Ball, location: 2F
1-2: Fly out, F8 (Flyball, 89D)
Bottom of the 2nd over - 0 runs, 1 hit, 1 error, 3 left on base; Belleville 2 - Grand Forks 1
TOP OF THE 3RD
Belleville Bulls batting - Pitching for Grand Forks Caterpillars : RHP Albert Karlier
Batting: RHB Rey McSriff 0-0: Ball
1-0: Called Strike
1-1: Ball
2-1: Swinging Strike
2-2: Foul Ball, location: 2F
2-2: Ball
3-2: Base on Balls
Batting: RHB Silvian Burger 0-0: Called Strike
0-1: Ball
1-1: Foul Ball, location: 2F
1-2: Strikes out swinging
Batting: RHB Zack McLean 0-0: Swinging Strike
Passed Ball!
Rey McSriff to second
0-1: Called Strike
0-2: Foul Ball, location: 2F
0-2: Ball
1-2: Ball
2-2: Strikes out swinging
Batting: RHB Holden Ford 0-0: Ground out 5-3 (Groundball, 5)
Top of the 3rd over - 0 runs, 0 hits, 0 errors, 1 left on base; Belleville 2 - Grand Forks 1
BOTTOM OF THE 3RD
Grand Forks Caterpillars batting - Pitching for Belleville Bulls : RHP Gavin Burdikin
Batting: RHB Luis Álvarez 0-0: Ball
1-0: SINGLE (Line Drive, 7LS)
Batting: LHB Félix Castellanos 0-0: Called Strike
0-1: DOUBLE (Line Drive, 89XD)
Luis Álvarez to third
Runner from 3rd tries for Home, SAFE, no throw
Batting: LHB Jeremy Malzahn 0-0: Foul Ball, location: 2F
0-1: Swinging Strike
0-2: Ball
1-2: Foul Ball, location: 2F
1-2: Ball
2-2: Strikes out swinging
Batting: RHB Rodney Clancy 0-0: Ball
1-0: Ball
2-0: Ball
3-0: Base on Balls
Pitching: RHP Jay Holt
Batting: RHB Patrick Pupovac 0-0: Ball
1-0: Grounds into double play, 6-4-3 (Groundball, 56)
Bottom of the 3rd over - 1 run, 2 hits, 0 errors, 1 left on base; Belleville 2 - Grand Forks 2
TOP OF THE 4TH
Belleville Bulls batting - Pitching for Grand Forks Caterpillars : RHP Albert Karlier
Batting: LHB Don McGhee 0-0: Ball
1-0: Ground out 4-3 (Groundball, 4)
Batting: LHB Juan Rodríguez 0-0: Ball
1-0: Called Strike
1-1: Called Strike
1-2: Ball
2-2: Strikes out swinging
Batting: RHB Manuel Vroonland 0-0: Foul Ball, location: 2F
0-1: Foul Ball, location: 2F
0-2: Ball
1-2: SINGLE (Groundball, 6D)
Batting: SHB Júlio Moreno 0-0: Ball
1-0: Foul Ball, location: 2F
1-1: Swinging Strike
1-2: Strikes out swinging
Top of the 4th over - 0 runs, 1 hit, 0 errors, 1 left on base; Belleville 2 - Grand Forks 2
BOTTOM OF THE 4TH
Grand Forks Caterpillars batting - Pitching for Belleville Bulls : RHP Jay Holt
Batting: RHB Desi Fleming 0-0: Called Strike
0-1: Ball
1-1: Fly out, F3 (Popup, 3)
Batting: RHB Alohanani Koora 0-0: Ball
1-0: Called Strike
1-1: Fly out, F7 (Line Drive, 7)
Batting: RHB Noel Peterson 0-0: Ball
1-0: Ground out 4-3 (Groundball, 4)
Bottom of the 4th over - 0 runs, 0 hits, 0 errors, 0 left on base; Belleville 2 - Grand Forks 2
TOP OF THE 5TH
Belleville Bulls batting - Pitching for Grand Forks Caterpillars : RHP Albert Karlier
Batting: RHB Kazunari Mizuno 0-0: Ground out 5-3 (Groundball, 5L)
Batting: RHB Rey McSriff 0-0: Ball
1-0: Called Strike
1-1: Foul Ball, location: 2F
1-2: Foul Ball, location: 2F
1-2: Ball
2-2: Strikes out swinging
Batting: RHB Silvian Burger 0-0: Ball
1-0: Ball
2-0: SOLO HOME RUN (Flyball, 7D), Distance : 371 ft
Batting: RHB Zack McLean 0-0: Called Strike
0-1: Ball
1-1: Swinging Strike
1-2: Foul Ball, location: 2F
1-2: Strikes out looking
Top of the 5th over - 1 run, 1 hit, 0 errors, 0 left on base; Belleville 3 - Grand Forks 2
BOTTOM OF THE 5TH
Grand Forks Caterpillars batting - Pitching for Belleville Bulls : RHP Jay Holt
Batting: SHB Goro Yokoyama 0-0: Bunt for hit - play at first, batter OUT! 5-3
Batting: RHB Luis Álvarez 0-0: Called Strike
0-1: Foul Ball, location: 2F
0-2: Ground out 4-3 (Groundball, 34)
Batting: LHB Félix Castellanos 0-0: Ball
1-0: Fly out, F8 (Flyball, 8RD)
Bottom of the 5th over - 0 runs, 0 hits, 0 errors, 0 left on base; Belleville 3 - Grand Forks 2
TOP OF THE 6TH
Belleville Bulls batting - Pitching for Grand Forks Caterpillars : RHP Albert Karlier
Batting: RHB Holden Ford 0-0: Ball
1-0: Swinging Strike
1-1: Ball
2-1: Ball
3-1: Called Strike
3-2: Strikes out swinging
Pitching: RHP Juan Castro
Batting: LHB Don McGhee 0-0: Swinging Strike
0-1: Ball
1-1: Fly out, F8 (Flyball, 78D)
Now at 3B: Cristián Ortíz
Batting: LHB Juan Rodríguez 0-0: Called Strike
0-1: Foul Ball, location: 2F
0-2: Foul Ball, location: 2F
0-2: Fly out, F9 (Flyball, 9)
Top of the 6th over - 0 runs, 0 hits, 0 errors, 0 left on base; Belleville 3 - Grand Forks 2
BOTTOM OF THE 6TH
Grand Forks Caterpillars batting - Pitching for Belleville Bulls : RHP Jay Holt
Batting: LHB Jeremy Malzahn 0-0: Ball
1-0: Called Strike
1-1: Ground out 4-3 (Groundball, 4)
Batting: RHB Rodney Clancy 0-0: Swinging Strike
0-1: Foul Ball, location: 2F
0-2: Foul Ball, location: 2F
0-2: Ball
1-2: SINGLE (Flyball, 7LS)
Batting: RHB Cristián Ortíz 0-0: Ball
1-0: Foul Ball, location: 2F
1-1: Ball
2-1: Called Strike
2-2: Ball
3-2: Grounds into double play, 6-4-3 (Groundball, 6)
Bottom of the 6th over - 0 runs, 1 hit, 0 errors, 0 left on base; Belleville 3 - Grand Forks 2
TOP OF THE 7TH
Belleville Bulls batting - Pitching for Grand Forks Caterpillars : RHP Juan Castro
Batting: RHB Manuel Vroonland 0-0: Ball
1-0: Foul Ball, location: 2F
1-1: SINGLE (Line Drive, 78S)
Batting: SHB Júlio Moreno 0-0: Ball
1-0: Bunted foul
1-1: Ball
2-1: Sac Bunt - play at first, batter OUT! 1-4
Manuel Vroonland to second
Batting: RHB Kazunari Mizuno 0-0: Swinging Strike
0-1: Called Strike
0-2: Foul Ball, location: 2F
0-2: Foul Ball, location: 2F
0-2: Ball
1-2: Strikes out swinging
Batting: RHB Rey McSriff 0-0: Foul Ball, location: 2F
0-1: Foul Ball, location: 2F
0-2: Ball
1-2: Ball
2-2: Ground out 5-3 (Groundball, 56S)
Top of the 7th over - 0 runs, 1 hit, 0 errors, 1 left on base; Belleville 3 - Grand Forks 2
BOTTOM OF THE 7TH
Grand Forks Caterpillars batting - Pitching for Belleville Bulls : RHP Jay Holt
Batting: RHB Desi Fleming 0-0: Called Strike
0-1: Ball
1-1: Called Strike
1-2: Foul Ball, location: 2F
1-2: Foul Ball, location: 2F
1-2: Strikes out looking
Batting: RHB Alohanani Koora 0-0: Ball
1-0: SINGLE (Groundball, 56D)
Batting: RHB Noel Peterson 0-0: Ball
1-0: Ball
2-0: Fly out, F9 (Flyball, 9S)
Batting: SHB Goro Yokoyama 0-0: Ball
Alohanani Koora steals 2nd base
1-0: Foul Ball, location: 2F
1-1: Ball
2-1: Foul Ball, location: 2F
2-2: Ball
3-2: Foul Ball, location: 2F
3-2: Base on Balls
Batting: RHB Luis Álvarez 0-0: Ball
1-0: Ball
2-0: Foul Ball, location: 2F
2-1: Ball
3-1: Called Strike
3-2: Ground out 4-3 (Groundball, 4)
Bottom of the 7th over - 0 runs, 1 hit, 0 errors, 2 left on base; Belleville 3 - Grand Forks 2
TOP OF THE 8TH
Belleville Bulls batting - Pitching for Grand Forks Caterpillars : RHP Juan Castro
Batting: RHB Silvian Burger 0-0: Called Strike
0-1: Foul Ball, location: 2F
0-2: Ball
1-2: Strikes out swinging, 2-3 out at first.
Batting: RHB Zack McLean 0-0: Called Strike
0-1: Foul Ball, location: 2F
0-2: Foul Ball, location: 2F
0-2: Foul Ball, location: 2F
0-2: Ball
1-2: DOUBLE (Line Drive, 7LS)
Batting: RHB Holden Ford 0-0: Ball
Zack McLean steals 3rd base
1-0: Fly out, F9 (Flyball, 89S)
Runner from 3rd tags up, SCORES, throw made
Batting: LHB Don McGhee 0-0: Called Strike
0-1: Called Strike
0-2: Ground out 4-3 (Groundball, 4M)
Top of the 8th over - 1 run, 1 hit, 0 errors, 0 left on base; Belleville 4 - Grand Forks 2
BOTTOM OF THE 8TH
Grand Forks Caterpillars batting - Pitching for Belleville Bulls : RHP Jay Holt
Pitching: RHP Hao Che
Batting: LHB Félix Castellanos 0-0: Fly out, F3 (Popup, 34S)
Batting: LHB Jeremy Malzahn 0-0: Fly out, F9 (Flyball, 9LS)
Batting: RHB Rodney Clancy 0-0: Ball
1-0: Ball
2-0: DOUBLE (Line Drive, 7LD)
Batting: RHB Cristián Ortíz 0-0: Called Strike
0-1: Foul Ball, location: 2F
0-2: Strikes out looking
Bottom of the 8th over - 0 runs, 1 hit, 0 errors, 1 left on base; Belleville 4 - Grand Forks 2
TOP OF THE 9TH
Belleville Bulls batting - Pitching for Grand Forks Caterpillars : RHP Juan Castro
Batting: LHB Juan Rodríguez 0-0: Fly out, F8 (Line Drive, 8LD)
Batting: RHB Manuel Vroonland 0-0: Ball
1-0: Called Strike
1-1: SINGLE (Line Drive, 6MD)
Batting: SHB Júlio Moreno 0-0: Called Strike
0-1: SINGLE (Line Drive, 6MD)
Manuel Vroonland to second
Pitching: RHP Alberto Ortíz
Batting: RHB Kazunari Mizuno 0-0: Ball
1-0: Called Strike
1-1: Ball
2-1: Called Strike
2-2: SINGLE (Flyball, 9S)
Manuel Vroonland to third
Júlio Moreno to second
Batting: RHB Rey McSriff 0-0: Ball
1-0: Swinging Strike
1-1: Swinging Strike
1-2: Strikes out swinging
Batting: RHB Silvian Burger 0-0: Foul Ball, location: 2F
0-1: Ball
1-1: Foul Ball, location: 2F
1-2: Strikes out swinging
Top of the 9th over - 0 runs, 3 hits, 0 errors, 3 left on base; Belleville 4 - Grand Forks 2
BOTTOM OF THE 9TH
Grand Forks Caterpillars batting - Pitching for Belleville Bulls : RHP Hao Che
Pitching: RHP Ken Dundee
Batting: RHB Desi Fleming 0-0: Foul Ball, location: 2F
0-1: Swinging Strike
0-2: Strikes out looking
Batting: RHB Alohanani Koora 0-0: Ground out 4-3 (Groundball, 4)
Batting: RHB Noel Peterson 0-0: Swinging Strike
0-1: Foul Ball, location: 2F
0-2: Ball
1-2: Ball
2-2: Strikes out swinging
Bottom of the 9th over - 0 runs, 0 hits, 0 errors, 0 left on base; Belleville 4 - Grand Forks 2
Saturday, December 22nd, 2018 - OOTP Baseball 18.8 Build 76